 Dungeon Crawl Stone Soup version 0.30-a0-23-ge60ba3568b (webtiles) character file.

Game seed: 4286350003361806134

1178 SensoryNuts the Cleaver (level 8, -3/70 HPs)
             Began as a Minotaur Berserker on Aug 25, 2022.
             Was a Priest of Trog.
             Slain by a vampire (10 damage)
             ... on level 5 of the Dungeon.
             The game lasted 00:09:08 (7092 turns).

SensoryNuts the Cleaver (Minotaur Berserker)        Turns: 7092, Time: 00:09:08

Health: -3/70      AC: 12    Str: 25    XL:     8   Next: 18%
Magic:  16/16      EV:  7    Int:  4    God:    Trog [***...]
Gold:   286        SH:  0    Dex:  9    Spells: 7/7 levels left

rFire   . . .      SeeInvis .    n - +1 battleaxe
rCold   + . .      Faith    .    (shield currently unavailable)
rNeg    . . .      Spirit   .    c - +0 plate armour
rPois   .          Reflect  .    (helmet restricted)
rElec   .          Harm     .    (no cloak)
rCorr   .          Rampage  .    (no gloves)
Will    .....                    (no boots)
Stlth   ..........               (no amulet)
HPRegen 0.21/turn                e - ring of protection from cold
MPRegen 0.15/turn                i - ring of magical power

@: weak-willed
A: horns 2, retaliatory headbutt
a: Renounce Religion, Berserk, Trog's Hand


You were on level 5 of the Dungeon.
You worshipped Trog.
Trog was most pleased with you.
You visited 2 branches of the dungeon, and saw 7 of its levels.

You collected 286 gold pieces.

Inventory:

Hand Weapons
 n - a +1 battleaxe (weapon)
Armour
 c - a +0 plate armour (worn)
 k - a +0 buckler
Jewellery
 e - a ring of protection from cold (left hand)
 i - a ring of magical power (right hand)
 m - a ring of magical power
 p - a ring of magical power
Wands
 b - a wand of roots (7)
Scrolls
 a - a scroll of identify
 f - a scroll of enchant weapon
 g - a scroll of fear
 j - 2 scrolls of butterflies
 q - 2 scrolls of poison {unknown}
Potions
 d - a potion of curing
 h - a potion of flight
 r - a potion of mutation {unknown}


   Skills:
 + Level 6.1 Fighting
 * Level 9.8 Axes
 + Level 5.0 Armour
 + Level 3.0 Dodging
 + Level 0.7 Stealth
 + Level 0.5 Shields


You had 7 spell levels left.
You didn't know any spells.
Your spell library was empty.

Dungeon Overview and Level Annotations

Branches:
Dungeon (6/15)             Temple (1/1) D:4

Altars:
Ashenzari
Fedhas
Gozag
Hepliaklqana
Kikubaaqudgha
Qazlal
Sif Muna
Trog
Uskayaw
Vehumet
Wu Jian
Xom
Zin

Shops:
D:2 [   D:3 [**


Innate Abilities, Weirdness & Mutations

You have a pair of horns on your head.
You reflexively headbutt those who attack you in melee.


Message History

There is a strange disturbance nearby!
There is a strange disturbance nearby!
You barely miss something. Something hits you but does no damage.
Something bites you but does no damage.
You slash something! Your headbutt misses something.
Something draws life force from you! Something hits you. Something bites you!
* * * LOW HITPOINT WARNING * * *
Something draws strength from your injuries!
You closely miss something. Something hits you but does no damage.
Something bites you but does no damage.
You miss something. Something hits you.
* * * LOW HITPOINT WARNING * * *
Something bites you.
* * * LOW HITPOINT WARNING * * *
Something draws strength from your injuries!
You feel much better. Something hits you! Something bites you.
* * * LOW HITPOINT WARNING * * *
Something draws strength from your injuries!
You can't see any enemies this would affect, really read the scroll of fear?
As you read the scroll of fear, it crumbles to dust.
You assume a fearsome visage.
Nothing appears to happen.
Something hits you.
* * * LOW HITPOINT WARNING * * *
Something bites you!
* * * LOW HITPOINT WARNING * * *
Something draws strength from your injuries!
Something hits you but does no damage. Something bites you but does no damage.
Something hits you.
* * * LOW HITPOINT WARNING * * *
Something bites you.
* * * LOW HITPOINT WARNING * * *
Something draws strength from your injuries!
Unknown command.
As you read the scroll labelled JAFUR QUSEHOZ, it crumbles to dust.
Magic quickly surges around you.
It was a scroll of vulnerability.
Something hits you.
* * * LOW HITPOINT WARNING * * *
Something bites you but does no damage.
Okay, then.
You feel better. Something hits you!
You die...

#....###..###
##... ##.##
#...##..#
#...#..##
#.....#
#....##
#....##
####.{##
##@.## #....#
#...## ##..##
#...# ##...#
### ##...##
#..###....#
#..##...).# #


There were no monsters in sight!

Vanquished Creatures
  A water moccasin (D:5)
  A sky beast (D:6)
  A black bear (D:5)
  2 ogres
  3 scorpions
  A howler monkey (D:4)
  A jelly (D:5)
  5 orc priests
  A hound (D:5)
  2 orc wizards (D:5)
  6 gnolls
  7 adders
  A shadow imp (D:5)
  A white imp (D:5)
  5 worms
  2 dart slugs
  18 orcs
  6 bats
  6 endoplasms
  3 giant cockroaches
  5 goblins
  7 hobgoblins
  4 jackals (D:2)
  A quokka (D:1)
  7 ball pythons
  10 frilled lizards
  7 kobolds
  7 rats
121 creatures vanquished.

Vanquished Creatures (others)
  17 plants (D:5)
17 creatures vanquished.

Grand Total: 138 creatures vanquished

Notes
Turn   | Place    | Note
-------+----------+-------------------------------------------
     0 | D:1      | SensoryNuts the Minotaur Berserker began the quest for the
                  | Orb.
     0 | D:1      | Reached XP level 1. HP: 19/19 MP: 0/0
    68 | D:1      | Reached skill level 4 in Axes
   178 | D:1      | Reached XP level 2. HP: 25/27 MP: 1/1
   288 | D:1      | You fall into a shaft and drop 1 floor!
   596 | D:2      | Reached XP level 3. HP: 33/33 MP: 2/2
   900 | D:2      | Found a faded altar of an unknown god.
   952 | D:2      | Found a blossoming altar of Fedhas.
   984 | D:2      | Identified the +1 leather armour of Ruid {Regen+ Dex+4}
  1086 | D:2      | Found Kiufeut's Armour Boutique.
  1092 | D:2      | Reached ** piety under Trog
  1170 | D:2      | Reached skill level 5 in Axes
  1173 | D:2      | Reached XP level 4. HP: 20/41 MP: 3/3
  2499 | D:3      | Found Qalesipo's Assorted Antiques.
  2637 | D:3      | Found Lesset's Antique Armour Boutique.
  2855 | D:3      | Reached XP level 5. HP: 14/47 MP: 4/4
  3089 | D:3      | Found the +7 staff of the Meek {protect, meekguard}
  3188 | D:3      | Found Eziakk's General Store.
  3204 | D:3      | Reached skill level 6 in Axes
  3417 | D:3      | Noticed an ogre
  3441 | D:3      | Killed an ogre
  3662 | D:3      | Reached XP level 6. HP: 37/55 MP: 5/5
  4503 | D:4      | Reached skill level 7 in Axes
  4543 | D:4      | Reached *** piety under Trog
  4784 | D:4      | Reached skill level 5 in Fighting
  4861 | D:4      | Found a staircase to the Ecumenical Temple.
  4871 | Temple   | Entered the Ecumenical Temple
  4951 | D:4      | Found a broken altar of Ashenzari.
  5171 | D:4      | Found a hide-covered altar of Uskayaw.
  5701 | D:5      | Entered Level 5 of the Dungeon
  5828 | D:5      | Reached skill level 8 in Axes
  5828 | D:5      | Reached XP level 7. HP: 56/61 MP: 6/6
  6433 | D:6      | Reached skill level 9 in Axes
  6838 | D:5      | Reached XP level 8. HP: 60/70 MP: 7/7
  6940 | D:5      | Reached skill level 5 in Armour
  6944 | D:5      | Found a radiant altar of Vehumet.
  7090 | D:5      | HP: 3/70 [something (5)]
  7091 | D:5      | HP: 1/70 [something (3)]
  7092 | D:5      | Slain by a vampire

Illustrated notes

Levels and vault maps discovered:
D:1:      heliophobic_arrival_battle_scene, layout_basic, minivault_27,
          minmay_domino_2
D:2:      layout_loops_corners, serial_shops, nicolae_shop_hallway_plus,
          basic_altar, shapermc_ecumenical_altar_totnotflames
D:3:      minmay_chambers_of_threes, layout_basic, serial_shops,
          nicolae_square_shop, shop, shop, pf_guarded_unrand_meek
D:4:      layout_loops_corners, old_standard_altar,
          mainiacjoe_overflow_concentric_impassable, temple_statues
D:5:      layout_layer_cave, mainiacjoe_overflow_chevrons
D:6:      cheibrodos_fzero, layout_basic, lemuel_zombie_altar_yredelemnul,
          nicolae_elyvilon_peaceful_grove, serial_undead, serial_undead_e,
          serial_undead_e, serial_undead_f, serial_undead_a, minmay_circle_x
Temple:   zaba_magenta_temple

Skill      XL: |  1  2  3  4  5  6  7  8 |
---------------+-------------------------+-----
Axes           | 4 5 6 8 9 |  9.8
Fighting       | 4 5 6 |  6.1
Armour         | 3 4 5 |  5.0
Dodging        | 3 |  3.0
Stealth        | |  0.7
Shields        | |  0.5

Action                   |  1- 3 |  4- 6 |  7- 9 || total
-------------------------+-------+-------+-------++-------
Melee: Hand axe          |    68 |   139 |       ||   207
       Headbutt          |     3 |    20 |    10 ||    33
       Battleaxe         |       |     7 |    91 ||    98
  Use: Potion            |     2 |     5 |     4 ||    11
       Scroll            |       |     7 |     3 ||    10
 Stab: Sleeping          |       |     1 |       ||     1
Armor: Animal skin       |    10 |     5 |       ||    15
       Skin              |     4 |       |       ||     4
       Plate armour      |       |    39 |    80 ||   119
Dodge: Dodged            |    43 |    63 |    30 ||   136
Block: Buckler           |       |     4 |       ||     4

Table legend: (Time is in decaauts)
 A = Elapsed time spent in this place.
 B = Non-inter-level travel time spent in this place.
 C = Inter-level travel time spent in this place.
 D = Time resting spent in this place.
 E = Time spent auto-exploring this place.
 F = Levels seen in this place.
 G = Mean time per level.
                   A        B        C        D        E       F      G
               +--------+--------+--------+--------+--------+-----+--------+
         Total |   7125 |   6627 |    498 |    705 |   5014 |   7 | 1017.9 |
       Dungeon |   7052 |   6554 |    498 |    705 |   4964 |   6 | 1175.3 |
        Temple |     73 |     73 |      0 |      0 |     50 |   1 |   73.0 |
               +--------+--------+--------+--------+--------+-----+--------+

Top non-repeatable levels by time:
     D:3: 1979 daAuts
     D:2: 1752 daAuts
     D:4: 1149 daAuts
     D:5: 1093 daAuts
     D:1: 752 daAuts
     D:6: 325 daAuts
  Temple: 73 daAuts
